Map: Winter's Gate LE

Players

pHARM - Winner!

  • Race: Zerg Zerg
  • League: Platinum
  • Spawn Location: 11:00

flore

  • Race: Terran Terran
  • League: Platinum
  • Spawn Location: 5:00

VOD

Have the link to the VOD?

Description

Time

  • Played on: Sept. 1, 2019, 6:57 p.m.
  • Length: 17:03
Show
View Real Time Build Order
Export as new Build Order

pHARM Zerg - Winner!

Build Orders: Hatch First 

Get SALT Encoding   

  12  0:00  Drone  
  13  0:13  Overlord  
  13  0:22  Drone  
  14  0:34  Drone x2  
  16  0:50  Hatchery  
  16  0:53  Drone  
  16  0:57  Drone  
  16  1:01  Drone  
  18  1:17  Spawning Pool, Drone  
  18  1:21  Drone  
  19  1:31  Drone  
  20  1:37  Extractor  
  19  1:41  Drone  
  20  1:51  Overlord  
  20  2:04  Drone x2  
  20  2:06  Queen x2  
  26  2:12  Zergling x2  
  27  2:17  Zergling x2  
  27  2:40  Drone  
  27  2:41  Drone x3  
  27  2:43  Queen  
  27  2:44  Queen  
  33  2:46  Metabolic Boost  
  35  2:52  Drone  
  35  2:54  Overlord  
  36  3:03  Overlord  
  36  3:17  Drone x6  
  42  3:22  Lair  
  42  3:31  Drone x4  
  46  3:38  Extractor  
  46  3:40  Extractor  
  43  4:01  Queen, Hatchery  
  44  4:15  Drone  
  44  4:16  Drone x7  
  52  4:28  Hydralisk Den  
  52  4:31  Pneumatized Carapace  
  51  4:32  Baneling Nest  
  51  4:36  Zergling x2  
  51  4:37  Zergling x2  
  52  4:41  Overlord x3  
  52  4:59  Queen  
  54  5:06  Drone x2  
  56  5:08  Hydralisk x5  
  56  5:10  Muscular Augments  
  57  5:51  Spore Crawler  
  53  6:13  Hydralisk x8, Spore Crawler  
  68  6:21  Drone  
  68  6:22  Drone x7  
  76  6:45  Centrifical Hooks  
  76  6:47  Overlord x4  
  76  6:51  Overlord x2  
  76  7:10  Drone x11  
  87  7:37  Extractor  
  87  7:38  Zergling x24  
  87  7:42  Zergling x2  
  99  7:54  Zergling x12  
  105  7:58  Baneling  
  105  7:59  Baneling x20  
  105  8:00  Baneling x3  
  105  8:01  Zergling x2  
  106  8:31  Overlord x6  
  106  8:52  Drone  
  106  8:53  Drone x11  
  118  8:56  Extractor  
  118  8:58  Extractor  
  118  9:01  Grooved Spines  
  116  9:03  Evolution Chamber x2  
  116  9:04  Drone x3  
  116  9:30  Hatchery  
  109  9:37  Drone x3  
  111  9:38  Drone  
  112  9:46  Zerg Melee Weapons Level 1  
  112  9:47  Zerg Ground Armor Level 1  
  112  9:54  Infestation Pit  
  111  10:10  Zergling x2  
  111  10:11  Zergling x32  
  128  10:19  Extractor  
  127  10:26  Extractor  
  92  10:50  Hydralisk, Zergling x12  
  92  10:51  Hydralisk x6  
  111  11:04  Drone x5  
  113  11:08  Overseer  
  116  11:15  Hive  
  116  11:25  Spire  
  115  11:45  Zerg Melee Weapons Level 2, Zerg Ground Armor Level 2  
  115  11:49  Overlord x2  
  115  11:50  Overlord x4  
  115  11:51  Hydralisk x6  
  115  11:52  Hydralisk x8  
  143  11:58  Overlord x2  
  143  12:04  Overlord  
  143  12:32  Hatchery  
  142  13:00  Drone x3  
  142  13:01  Drone x19  
  164  13:19  Ultralisk Cavern  
  163  13:28  Zergling x22  
  130  14:06  Zergling x28  
  136  14:11  Chitinous Plating  
  133  14:21  Drone x7  
  133  14:22  Drone x2  
  142  14:33  Adrenal Glands  
  142  14:38  Zergling x12  
  143  14:41  Baneling x11  
  143  14:42  Baneling x25  
  143  14:43  Baneling x9  
  148  14:47  Ultralisk x4  
  172  15:41  Zergling x2  
  172  15:42  Zergling x34  
  190  16:03  Anabolic Synthesis  
  160  16:34  Zergling x6  
Show
View Real Time Build Order
Export as new Build Order

flore Terran 

Build Orders: Liberator Opening 

Get SALT Encoding   

  12  0:11  Supply Depot  
  12  0:13  SCV  
  13  0:37  SCV, Barracks  
  13  0:42  Refinery  
  14  0:49  SCV  
  15  0:58  Refinery  
  15  1:02  SCV  
  16  1:14  SCV  
  17  1:24  Supply Depot  
  17  1:25  Reaper  
  18  1:32  SCV  
  19  1:47  Factory  
  19  1:48  Orbital Command  
  19  2:02  Barracks Reactor  
  19  2:14  SCV  
  20  2:26  SCV  
  21  2:41  Starport  
  21  2:45  SCV  
  22  2:52  Hellion x2  
  22  2:57  SCV  
  22  2:58  Reaper  
  28  3:09  SCV  
  29  3:18  Command Center  
  29  3:21  SCV  
  30  3:33  SCV  
  31  3:48  Barracks Tech Lab  
  31  3:53  Supply Depot  
  31  3:57  Liberator  
  31  4:03  SCV  
  30  4:14  Hellion x2  
  30  4:17  Supply Depot  
  37  4:27  Supply Depot  
  37  4:33  Engineering Bay  
  37  4:34  Barracks  
  37  4:43  Orbital Command  
  37  4:45  SCV, Refinery  
  38  4:50  Supply Depot  
  38  4:57  SCV  
  38  4:58  Marine x2  
  41  5:01  Siege Tank  
  41  5:05  Starport Reactor  
  41  5:06  Supply Depot  
  44  5:12  SCV x2  
  46  5:54  Marine, Siege Tank  
  46  5:55  Marine  
  51  6:03  SCV x2  
  53  6:05  Supply Depot  
  53  6:07  Barracks Tech Lab  
  53  6:08  Barracks  
  53  6:15  SCV, Missile Turret  
  54  6:19  Viking x2  
  54  6:22  SCV  
  59  6:27  SCV  
  57  6:43  Marine  
  57  6:44  Marine  
  59  6:47  Supply Depot  
  59  6:48  SCV x2  
  59  6:54  Stimpack  
  61  6:56  Marine  
  61  7:00  SCV  
  61  7:01  Marine x2, SCV  
  65  7:03  Barracks Reactor  
  65  7:05  Siege Tank, Barracks  
  69  7:10  Medivac x2  
  73  7:16  SCV x2  
  73  7:17  Refinery  
  73  7:18  Terran Infantry Armor Level 1  
  75  7:22  Engineering Bay  
  75  7:25  Marine x2, Missile Turret  
  77  7:38  Siege Tank  
  80  7:56  Marine x3, Command Center  
  80  7:57  Supply Depot, Barracks Tech Lab  
  83  8:00  Marine x2  
  83  8:02  Medivac x2  
  89  8:13  Marine  
  89  8:19  Marauder  
  92  8:35  SCV  
  92  8:36  Marine x2, SCV  
  92  8:37  Marauder  
  92  8:38  Concussive Shells  
  92  8:40  Marauder  
  100  8:45  Combat Shield, Armory  
  100  8:46  Marine x2  
  102  8:56  Supply Depot  
  102  8:58  Marauder  
  102  9:01  Marauder  
  106  9:13  Terran Infantry Weapons Level 1  
  106  9:20  Marauder  
  99  9:39  Orbital Command  
  99  9:41  Medivac x2, Supply Depot  
  99  9:42  Siege Tank  
  106  10:13  Medivac x2  
  110  10:14  Marine x2, Siege Tank  
  110  10:15  Marauder x2  
  82  10:46  Siege Tank  
  82  10:48  Marine x2  
  82  10:49  Orbital Command, Marauder  
  79  10:51  Marine  
  79  10:52  Marine, Marauder  
  80  11:02  Sensor Tower  
  80  11:06  Marine x2  
  80  11:09  Marine  
  80  11:10  Marauder  
  85  11:13  Terran Infantry Armor Level 2, Terran Infantry Weapons Level 2  
  85  11:14  Marauder  
  87  11:18  SCV  
  87  11:19  Siege Tank, SCV x2  
  87  11:23  Marine, Factory  
  94  11:32  Marauder  
  96  11:33  Missile Turret  
  96  11:35  Marauder  
  98  11:45  Viking x2  
  102  11:50  Missile Turret  
  102  11:51  Siege Tank  
  102  11:53  Marauder  
  107  12:04  Marine x4, Marauder  
  113  12:14  Marauder  
  115  12:16  Sensor Tower  
  115  12:19  SCV x2  
  115  12:20  SCV  
  115  12:21  Marine  
  115  12:22  Marine  
  120  12:23  Siege Tank  
  120  12:25  Refinery  
  120  12:26  Marauder, Refinery  
  125  12:31  SCV x2  
  125  12:36  Marauder  
  129  12:38  Marine x2  
  131  12:47  Marauder  
  133  12:54  Marine x2  
  133  12:55  Siege Tank, Viking  
  133  12:56  Marine  
  141  13:07  Terran Vehicle Weapons Level 1  
  141  13:11  Armory  
  141  13:13  Armory  
  141  13:18  Supply Depot  
  141  13:28  Marauder  
  141  13:37  Viking  
  141  13:39  Marauder, Viking  
  129  13:49  Marauder  
  117  13:58  Marine x4  
  117  14:01  Marauder  
  112  14:07  Viking  
  112  14:09  Viking  
  109  14:11  Marauder  
  106  14:19  SCV  
  106  14:20  SCV x2  
  106  14:22  Marauder  
  106  14:26  Hellion  
  106  14:32  Marauder  
  106  14:34  Terran Vehicle And Ship Armor Level 1  
  106  14:37  Viking  
  110  14:39  Terran Ship Weapons Level 1, Viking  
  112  14:48  Hellion  
  112  14:49  Supply Depot  
  114  15:02  Factory Tech Lab  
  114  15:03  Starport  
  114  15:05  Starport  
  114  15:07  Viking  
  114  15:09  Viking  
  118  15:41  Starport Tech Lab  
  118  15:43  Starport Reactor  
  118  15:50  Marine x2  
  118  15:51  Marine x2, Marauder x2  
  118  15:54  Viking x2  
  130  16:00  Barracks  
  130  16:08  Marine x3  
  130  16:09  Marine  
  134  16:12  Marauder x2  
  138  16:24  Viking x2  
  119  16:26  Marine  
  119  16:31  Marine x2  
  119  16:32  Marine  
  77  16:33  Marauder  
  77  16:34  Marauder  
  65  16:44  Marine  
Tags
 
Add a new tag
Caveats
  • Supply blocks, unpowered buildings, or Contaminate may cause inaccurate times.
  • Supply counts are checked every 10 seconds.